 Dungeon Crawl Stone Soup version 0.24.0-125-gc4c63601f3 (webtiles) character file.

Game seed: 2355554049012752141, levelgen mode: deterministic

18354 CrazyMind the Grappler (level 12, -4/109 HPs)
             Began as a Troll Monk on Mar 2, 2020.
             Was an Elder of the Shining One.
             Killed from afar by a gargoyle (12 damage)
             ... with a stone arrow
             ... in a volcano on Mar 3, 2020.
             The game lasted 01:19:40 (10735 turns).

CrazyMind the Grappler (Troll Monk)                Turns: 10735, Time: 01:19:41

Health: -4/109     AC:  9    Str: 26    XL:     12   Next: 27%
Magic:  9/17       EV: 13    Int:  6    God:    the Shining One [****..]
Gold:   396        SH:  9    Dex: 12    Spells: 11/11 levels left

rFire    . . .     SeeInvis .     - Unarmed
rCold    . . .     Gourm    +   (no shield)
rNeg     + + .     Faith    .   A - +2 robe {MR+}
rPois    +         Spirit   .   M - +1 hat
rElec    .         Reflect  .   (no cloak)
rCorr    .         Harm     .   (gloves unavailable)
MR       +....                  (boots unavailable)
Stlth    +.........             y - amulet of regeneration
HPRegen  1.08/turn              R - ring of poison resistance
MPRegen  0.15/turn              (no ring)

@: divine shield, glowing
A: large, unfitting armour, claws 3, fast metabolism 3, gourmand, regeneration
1, shaggy fur 1, tough skin 3
a: Divine Shield, Cleansing Flame, Renounce Religion


You were in a volcano.
You worshipped the Shining One.
The Shining One was greatly pleased with you.
You were hungry.

You visited 3 branches of the dungeon, and saw 16 of its levels.
You also visited: Volcano.

You collected 679 gold pieces.
You spent 154 gold pieces at shops.
You donated 129 gold pieces to Zin.

Inventory:

Hand Weapons
 c - a +1 giant spiked club
 m - a +1 whip of venom
 u - a +1 whip of freezing
 E - a +1 whip of electrocution
 F - a +1 long sword of holy wrath
Missiles
 p - 5 javelins
 q - 335 stones
 x - 11 large rocks
 J - 2 silver javelins
 L - 5 curare-tipped darts
 O - 12 boomerangs (quivered)
 Q - 16 poisoned darts
Armour
 A - a +2 robe of magic resistance (worn)
 M - a +1 hat (worn)
 S - a +0 shield
Jewellery
 g - an uncursed ring of ice
 y - an amulet of regeneration (around neck)
 H - an uncursed amulet of faith
 R - a ring of poison resistance (left claw)
Wands
 a - a wand of disintegration (29)
 i - a wand of flame (28)
 B - a wand of digging (3)
 K - a wand of acid (7)
 U - a wand of iceblast (8)
Scrolls
 d - 3 scrolls of immolation
 e - a scroll of noise {unknown}
 l - 4 scrolls of teleportation
 n - 13 scrolls of remove curse
 o - 10 scrolls of identify
 r - 2 scrolls of fog {unknown}
 t - 2 scrolls of enchant armour {unknown}
 G - 5 scrolls of enchant weapon
 N - a scroll of blinking {unknown}
 P - 2 scrolls of fear {unknown}
 T - 2 scrolls of summoning {unknown}
Potions
 f - 2 potions of magic
 h - 5 potions of berserk rage
 j - 5 potions of curing
 k - 3 potions of ambrosia
 s - a potion of lignification
 w - 4 potions of brilliance
 z - 3 potions of mutation
 C - 2 potions of flight
 D - a potion of agility
 I - 3 potions of haste
 V - 2 potions of might
Comestibles
 b - 32 rations


   Skills:
 + Level 4.5 Fighting
 + Level 7.7 Throwing
 + Level 6.5 Dodging
 - Level 1.0 Stealth
 * Level 1.9 Shields
 + Level 13.4 Unarmed Combat
 * Level 8.4 Invocations


You had 11 spell levels left.
You didn't know any spells.
Your spell library contained the following spells:

 Spells                   Type           Power        Failure   Level  Hunger
 Animate Skeleton         Necr           N/A          45%         1    ##.....
 Apportation              Tloc           #.....       45%         1    ##.....
 Confusing Touch          Hex            #.....       45%         1    ##.....
 Summon Small Mammal      Summ           #...         45%         1    ##.....
 Blink                    Tloc           N/A          58%         2    ###....
 Shroud of Golubria       Chrm/Tloc      #.....       58%         2    ###....
 Gell's Gravitas          Tloc           #.........   83%         3    ####...
 Lesser Beckoning         Tloc           #.........   83%         3    ####...
 Teleport Other           Tloc           #.......     83%         3    ####...
 Passage of Golubria      Tloc           N/A          99%         4    #####..


Dungeon Overview and Level Annotations

Branches:
Dungeon (13/15)            Temple (1/1) D:5            Lair (2/6) D:10
  Swamp (0/4) Lair:2       Spider (0/4) Lair:2          Orc (0/2) D:10
Volcano (1/1)
 Vaults: D:13-14

Altars:
Ashenzari
Cheibriados
Dithmenos
Elyvilon
Fedhas
Gozag
Hepliaklqana
Kikubaaqudgha
Makhleb
Nemelex Xobeh
Okawaru
Qazlal
Ru
Sif Muna
Trog
Uskayaw
Vehumet
Wu Jian
Xom
Yredelemnul
Zin
The Shining One

Shops:
D:5 %   D:6 !


Innate Abilities, Weirdness & Mutations

You are too large for most types of armour.
You have claws for hands.
Your metabolism is lightning-fast.
You like to eat raw meat.
Your natural rate of healing is unusually fast.
You are covered in fur. (AC +1)
You have extremely tough skin. (AC +3)


Message History

The golden flame engulfs the gargoyle!!
The gargoyle is almost destroyed.
You feel somewhat more hungry. You block the gargoyle's attack.
The alligator skeleton bites you but does no damage.
The alligator skeleton tail-slaps you!
* * * LOW HITPOINT WARNING * * *
The gargoyle hurls a stone arrow at you.
The stone arrow misses you.
Press: ? - help, v - describe, . - travel
Here: an alligator skeleton (heavily damaged, haloed)
An open gate.
Unknown command.
You feel better.
The alligator skeleton bites you but does no damage.
The alligator skeleton barely misses you.
The gargoyle hits you with a +0 mace!!
* * * LOW HITPOINT WARNING * * *
The gargoyle hurls a stone arrow at you.
The stone arrow hits you!
You die...

# ≈## ≈§≈## §≈§≈##
≈≈§≈≈## ###+# §§≈§≈≈###
..⌠..#
§≈≈≈..#.##########.....#
§≈≈....≈'...8....Z.....#
§§≈≈≈...'.......@9..∩..+
§§§≈...≈'...8....9.....#
≈.§...#.##########.....+
§...##### ..⌠..# ..###
##### ### #


You could see 2 gargoyles and an alligator skeleton.

Vanquished Creatures
  Josephine (D:10)
  A centaur warrior (D:12)
  A hydra (D:11)
  A two-headed ogre (D:7)
  An unseen horror (D:12)
  2 cyclopes (D:11)
  An ugly thing (D:13)
  A manticore (D:11)
  A gargoyle (D:13)
  A tengu conjurer (D:12)
  4 trolls
  Grinder (D:3)
  A harpy skeleton (Volcano)
  A raiju (shapeshifter) (D:13)
  2 hippogriffs
  Sigmund (D:4)
  A vampire (D:11)
  3 flying skulls (Volcano)
  A yak (Lair:2)
  5 wraiths
  A wyvern (D:12)
  Eustachio (D:6)
  A basilisk (D:10)
  2 hungry ghosts
  Menkaure (D:6)
  Edmund (D:4)
  An acid dragon (D:12)
  Duvessa (D:5)
  5 porcupines
  2 orc warriors
  7 sky beasts
  3 black bears (D:10)
  5 ice beasts
  2 eyes of draining
  7 ogres
  2 phantoms
  10 centaurs
  2 crocodiles
  3 wolves (D:10)
  2 big kobolds
  Blork the orc (D:4)
  8 bullfrogs
  A wyvern zombie (D:13)
  8 scorpions
  Dowan (D:5)
  3 killer bees (D:9)
  7 howler monkeys
  8 crimson imps
  8 orc priests
  A quasit (D:10)
  4 hounds
  3 bullfrog zombies
  12 orc wizards
  2 jellies
  4 centaur skeletons
  2 gnoll shamans
  5 iguanas
  Terence (D:3)
  5 worker ants
  2 worker ant zombies
  11 gnolls
  11 adders
  4 shadow imps
  3 oozes
  An adder skeleton (D:7)
  4 worms
  3 dart slugs
  7 leopard geckos
  43 orcs
  9 giant cockroaches
  11 goblins
  7 hobgoblins
  6 jackals
  4 quokkas
  A ball python (D:2)
  9 bats
  2 frilled lizards (D:3)
  A jackal skeleton (D:6)
  12 kobolds
  A quokka zombie (D:7)
  6 rats
332 creatures vanquished.

Notes
Turn   | Place    | Note
-------+----------+-------------------------------------------
     0 | D:1      | CrazyMind the Troll Monk began the quest for the Orb.
     0 | D:1      | Reached XP level 1. HP: 22/22 MP: 0/0
   145 | D:1      | Reached XP level 2. HP: 28/29 MP: 1/1
   875 | D:2      | Reached XP level 3. HP: 36/36 MP: 2/2
  1008 | D:2      | Found a glowing silver altar of Zin.
  1014 | D:2      | Became a worshipper of Zin the Law-Giver
  1014 | D:2      | Reached * piety under Zin
  1014 | D:2      | Reached ** piety under Zin
  1139 | D:2      | Reached XP level 4. HP: 43/44 MP: 3/3
  1400 | D:2      | Reached skill level 4 in Unarmed Combat
  1428 | D:2      | Reached skill level 1 in Throwing
  1435 | D:2      | Reached XP level 5. HP: 41/52 MP: 4/4
  1582 | D:2      | Reached skill level 1 in Invocations
  1709 | D:2      | Donated 56 gold pieces to Zin
  1710 | D:2      | Found a shadowy altar of Dithmenos.
  1776 | D:3      | Noticed Terence
  1901 | D:3      | Reached *** piety under Zin
  2150 | D:3      | Killed Terence
  2248 | D:3      | Noticed Grinder
  2263 | D:4      | Reached XP level 6. HP: 58/59 MP: 6/6
  2315 | D:3      | Reached skill level 5 in Unarmed Combat
  2435 | D:4      | Donated 54 gold pieces to Zin
  2833 | D:4      | Noticed Edmund
  2846 | D:5      | Entered Level 5 of the Dungeon
  2846 | D:5      | Found Vihunn's Food Emporium.
  2847 | D:5      | Found a staircase to the Ecumenical Temple.
  2858 | Temple   | Entered the Ecumenical Temple
  3057 | Temple   | Fell from the grace of Zin
  3057 | Temple   | Became a worshipper of the Shining One
  3057 | Temple   | Reached * piety under the Shining One
  3119 | D:5      | Noticed an ice beast
  3136 | D:5      | Killed an ice beast
  3136 | D:5      | Reached XP level 7. HP: 56/67 MP: 8/8
  3175 | D:5      | Found a burning altar of Makhleb.
  3305 | D:5      | Noticed Dowan
  3306 | D:5      | Noticed Duvessa
  3338 | D:4      | Killed Edmund
  3422 | D:4      | Noticed Blork the orc
  3495 | D:3      | Found a shimmering blue altar of Sif Muna.
  3523 | D:3      | Paralysed by Grinder for 5 turns
  3538 | D:3      | Paralysed by Grinder for 4 turns
  3552 | D:3      | Killed Grinder
  3552 | D:3      | Reached ** piety under the Shining One
  3552 | D:3      | Reached skill level 6 in Unarmed Combat
  3552 | D:3      | Reached XP level 8. HP: 45/75 MP: 9/9
  3787 | D:4      | Killed Blork the orc
  3857 | D:4      | Noticed Sigmund
  3868 | D:4      | Killed Sigmund
  3868 | D:4      | Reached skill level 7 in Unarmed Combat
  4052 | D:5      | Killed Dowan
  4172 | D:5      | Killed Duvessa
  4317 | D:5      | Found a burning altar of Makhleb.
  4317 | D:5      | Found a snail-covered altar of Cheibriados.
  4317 | D:5      | Found an opulent altar of Gozag.
  4758 | D:6      | Reached XP level 9. HP: 74/84 MP: 11/11
  4802 | D:6      | Found Utumidgh's Distillery.
  4821 | D:6      | Noticed Eustachio
  4829 | D:6      | Killed Eustachio
  4829 | D:6      | Reached skill level 8 in Unarmed Combat
  4831 | D:6      | Reached skill level 5 in Invocations
  4956 | D:6      | Noticed Menkaure
  4999 | D:6      | Killed Menkaure
  5379 | D:6      | Reached skill level 9 in Unarmed Combat
  5485 | D:6      | Bought a potion of mutation for 112 gold pieces
  5485 | D:6      | Bought a potion of curing for 42 gold pieces
  5711 | D:7      | Noticed a two-headed ogre
  5723 | D:7      | Killed a two-headed ogre
  5723 | D:7      | Reached skill level 5 in Throwing
  5791 | D:7      | Reached skill level 10 in Unarmed Combat
  5791 | D:7      | Reached XP level 10. HP: 92/92 MP: 9/13
  6367 | D:8      | Found a white marble altar of Elyvilon.
  6483 | D:8      | Reached *** piety under the Shining One
  6646 | D:8      | Reached skill level 5 in Dodging
  7402 | D:9      | You fall into a shaft and drop 3 floors!
  7403 | D:12     | Noticed an unseen horror
  7408 | D:12     | Killed an unseen horror
  7408 | D:12     | Reached skill level 11 in Unarmed Combat
  7508 | D:11     | Noticed a manticore
  7520 | D:11     | Killed a manticore
  7621 | D:10     | Entered Level 10 of the Dungeon
  7704 | D:9      | Reached XP level 11. HP: 80/100 MP: 15/15
  7790 | D:9      | Identified the +3 dagger "Qetioss" {protect, *Noise Dex+3}
  7888 | D:9      | Reached **** piety under the Shining One
  8101 | D:10     | Reached skill level 12 in Unarmed Combat
  8148 | D:10     | Found a staircase to the Lair.
  8399 | D:10     | Noticed Josephine
  8412 | D:10     | Killed Josephine
  8592 | D:10     | Found a staircase to the Orcish Mines.
  8865 | D:11     | Noticed a five-headed hydra
  8891 | D:11     | Killed a five-headed hydra
  8891 | D:11     | Reached skill level 13 in Unarmed Combat
  9389 | D:12     | Noticed a centaur warrior
  9396 | D:12     | Killed a centaur warrior
  9396 | D:12     | Reached XP level 12. HP: 53/109 MP: 17/17
  9961 | D:13     | Reached skill level 1 in Shields
 10200 | D:13     | Noticed a tengu warrior
 10284 | Lair:1   | Entered Level 1 of the Lair of Beasts
 10463 | Lair:1   | You fall into a shaft and drop 1 floor!
 10473 | Lair:2   | Found a dark tunnel.
 10480 | Volcano  | Entered a volcano
 10735 | Volcano  | Killed from afar by a gargoyle

Levels and vault maps discovered:
D:1:      dpeg_arrival_tiny_d, layout_basic
D:2:      layout_loops_cross, marbit_many_paths, overflow_temple_1_default
D:3:      layout_basic, old_standard_altar, uniq_grinder, uniq_terence
D:4:      layout_loops_cross, first_ration, uniq_edmund, uniq_sigmund,
          uniq_blork_the_orc
D:5:      wander_river, layout_basic, gammafunk_temple_overflow_claw,
          minmay_temple_entry_large_hall, serial_shops, nicolae_shop_trees,
          bloody_makhleb, uniq_duvessa
D:6:      layout_loops_ring, serial_shops, shop_statue,
          chequers_serial_rivers_marsh, minmay_hedge_maze, uniq_menkaure,
          uniq_eustachio
D:7:      layout_cave_pools
D:8:      layout_basic, lemuel_doored_altar
D:9:      layout_roguey
D:10:     layout_cave_pools, minmay_lair_entry_grove, orc_0_dummy,
          uniq_josephine
D:11:     layout_loops_ring
D:12:     layout_loops_ring, grunt_tengu_nest, minmay_fountain_box,
          hangedman_decor_riveting
D:13:     layout_rooms, ximxim_vaults_locker_room
Temple:   regret_index_temple_generic_petals
Lair:1:   layout_regular_city, grunt_megastairs_4
Lair:2:   layout_gridlike, swamp_mist, spider_nest_entry_funnel_web,
          enter_volcano_4, beast_lair_carwin_7
Volcano:  volcano_tomb [vts_original]

Skill      XL: |  1  2  3  4  5  6  7  8  9 10 11 12 |
---------------+-------------------------------------+-----
Dodging        | 3 4 5 6 |  6.5
Unarmed Combat | 4 5 6 7 10 11 13 | 13.4
Throwing       | 1 2 3 4 5 6 7 |  7.7
Invocations    | 1 3 4 5 6 8 |  8.4
Fighting       | 3 4 |  4.5
Shields        | 1 |  1.9
Stealth        | |  1.0

Action                   |  1- 3 |  4- 6 |  7- 9 | 10-12 || total
-------------------------+-------+-------+-------+-------++-------
Melee: Unarmed           |    93 |   137 |   191 |   432 ||   853
       Punch             |       |     2 |     5 |    22 ||    29
Throw: Stone             |    25 |   103 |    85 |   106 ||   319
       Javelin           |     4 |    12 |    14 |       ||    30
       Throwing net      |       |       |     1 |       ||     1
       Boomerang         |       |       |       |    98 ||    98
       Dart              |       |       |       |     8 ||     8
       Large rock        |       |       |       |     2 ||     2
Invok: Recite            |       |     9 |       |       ||     9
       Donate Gold       |       |     2 |       |       ||     2
       Vitalisation      |       |     1 |       |       ||     1
       Divine Shield     |       |       |     6 |     8 ||    14
       Cleansing Flame   |       |       |       |     3 ||     3
Evoke: Wand              |       |     3 |     3 |     1 ||     7
  Use: Potion            |       |       |     3 |     4 ||     7
       Scroll            |       |       |     1 |    16 ||    17
 Stab: Confused          |       |     1 |       |       ||     1
       Invisible         |       |     1 |       |       ||     1
  Eat: Chunk             |    16 |    12 |    31 |    48 ||   107
Armor: Robe              |    33 |    32 |    26 |   120 ||   211
Dodge: Dodged            |    55 |    59 |    50 |   241 ||   405
Block: Other             |       |       |    12 |    39 ||    51
